% Time on Ice - EDMONTON ICE
Lines # - Real PCT - Wanted PCT - Time Play
Normal Forward
1 - 36% - 38% - 18:14
2 - 31% - 36% - 15:49
3 - 27% - 22% - 13:38
4 - 7% - 4% - 3:20
Normal Defense
1 - 35% - 36% - 17:47
2 - 34% - 34% - 17:25
3 - 26% - 24% - 13:18
4 - 5% - 6% - 2:31
PP Forward
1 - 58% - 60% - 1:46
2 - 42% - 40% - 1:16
PP Defense
1 - 49% - 55% - 1:30
2 - 51% - 45% - 1:32
PK Forward
1 - 50% - 57% - 2:30
2 - 50% - 43% - 2:29
PK Defense
1 - 69% - 57% - 3:27
2 - 31% - 43% - 1:32
PK3 Forward
1 - 0% - 55%
2 - 0% - 45%
PK3 Defense
1 - 0% - 55%
2 - 0% - 45%
44 Forward
1 - 14% - 55% - 0:08
2 - 86% - 45% - 0:50
44 Defense
1 - 86% - 55% - 0:50
2 - 14% - 45% - 0:08
Last Minute Offensive  - 0:00
Last Minute Defensive  - 0:00
Total
Forward - 60:00
Defense - 60:00
% Time on Ice - SACRAMENTO BANDITS
Lines # - Real PCT - Wanted PCT - Time Play
Normal Forward
1 - 34% - 35% - 17:09
2 - 32% - 35% - 16:33
3 - 24% - 23% - 12:09
4 - 10% - 7% - 5:10
Normal Defense
1 - 41% - 41% - 20:51
2 - 34% - 33% - 17:06
3 - 25% - 26% - 12:57
4 - 0% - 0% - 0:07
PP Forward
1 - 54% - 55% - 2:40
2 - 46% - 45% - 2:19
PP Defense
1 - 46% - 55% - 2:19
2 - 54% - 45% - 2:40
PK Forward
1 - 62% - 55% - 1:53
2 - 38% - 45% - 1:09
PK Defense
1 - 40% - 55% - 1:12
2 - 60% - 45% - 1:50
PK3 Forward
1 - 0% - 55%
2 - 0% - 45%
PK3 Defense
1 - 0% - 55%
2 - 0% - 45%
44 Forward
1 - 100% - 55% - 0:58
2 - 0% - 45% - 0:00
44 Defense
1 - 100% - 55% - 0:58
2 - 0% - 45% - 0:00
Last Minute Offensive  - 0:00
Last Minute Defensive  - 0:00
Total
Forward - 60:00
Defense - 60:00
Play-by-Play 1st period 0:01 of 1st period - Aleksander Barkov wins face-off versus Timo Meier in neutral zone. 0:31 of 1st period - Timo Meier is hit by John Carlson and loses puck. 1:16 of 1st period - Patrice Bergeron is hit by Tanner Jeannot. 1:32 of 1st period - Shot by Max Pacioretty. 1:32 of 1st period - Stopped by Jonathan Quick without a rebound. 1:33 of 1st period - Ryan Getzlaf wins face-off versus Jack Eichel in EDMONTON ICE zone. 1:33 of 1st period - Carter Verhaeghe is hit by Jonas Brodin. 1:40 of 1st period - Ryan Getzlaf is hit by Jonas Brodin and loses puck. 2:06 of 1st period - Icing by Jonas Brodin. 2:07 of 1st period - Jack Eichel wins face-off versus Nicolas Aube-Kubel in EDMONTON ICE zone. 2:13 of 1st period - Off-side. 2:14 of 1st period - Anton Lundell wins face-off versus Max Pacioretty in neutral zone. 2:18 of 1st period - Icing by Mikhail Sergachev. 2:19 of 1st period - Patrice Bergeron wins face-off versus Joonas Donskoi in SACRAMENTO BANDITS zone. 2:28 of 1st period - Shot by Max Pacioretty. 2:28 of 1st period - Stopped by Jonathan Quick without a rebound. 2:29 of 1st period - Jack Eichel wins face-off versus Nicolas Aube-Kubel in EDMONTON ICE zone. 3:35 of 1st period - Icing by Zach Whitecloud. 3:36 of 1st period - Aleksander Barkov wins face-off versus Anton Lundell in EDMONTON ICE zone. 3:39 of 1st period - Shot by Aleksander Barkov. 3:39 of 1st period - Stopped by Jonathan Quick without a rebound. 3:40 of 1st period - Patrice Bergeron wins face-off versus Joel Eriksson Ek in EDMONTON ICE zone. 3:55 of 1st period - Shot by Max Pacioretty. 3:55 of 1st period - Shot Misses the Net. 4:36 of 1st period - Icing by Joel Eriksson Ek. 4:37 of 1st period - Joel Eriksson Ek wins face-off versus Aleksander Barkov in EDMONTON ICE zone. 4:50 of 1st period - Shot by Aleksander Barkov. 4:50 of 1st period - Stopped by Jonathan Quick without a rebound. 4:51 of 1st period - Austin Watson wins face-off versus Ryan Getzlaf in EDMONTON ICE zone. 4:51 of 1st period - Austin Watson is hit by Colton Sissons. 6:06 of 1st period - Shot by Aleksander Barkov. 6:06 of 1st period - Shot Blocked by Jonas Brodin. 6:12 of 1st period - Shot by Alexander DeBrincat. 6:12 of 1st period - Shot Misses the Net. 6:14 of 1st period - Shot by Aleksander Barkov. 6:14 of 1st period - Goal by Aleksander Barkov - EDMONTON ICE : 0 - SACRAMENTO BANDITS : 1. 6:15 of 1st period - Patrice Bergeron wins face-off versus Joel Eriksson Ek in neutral zone. 6:24 of 1st period - Shot by Patrice Bergeron. 6:24 of 1st period - Stopped by Jonathan Quick without a rebound. 6:25 of 1st period - Scott Laughton wins face-off versus Aleksander Barkov in EDMONTON ICE zone. 6:48 of 1st period - Shot by Jonathan Huberdeau. 6:48 of 1st period - Stopped by Jonathan Quick with a rebound. 6:54 of 1st period - Aleksander Barkov is hit by Kieffer Bellows and loses puck. 7:03 of 1st period - Shot by Jonathan Huberdeau. 7:03 of 1st period - Shot Blocked by Jordan Spence. 7:05 of 1st period - Shot by Mikhail Sergachev. 7:05 of 1st period - Shot Misses the Net. 7:31 of 1st period - Icing by Jonas Brodin. 7:32 of 1st period - Patrice Bergeron wins face-off versus Scott Laughton in EDMONTON ICE zone. 7:36 of 1st period - Icing by Jonas Brodin. 7:37 of 1st period - Scott Laughton wins face-off versus Patrice Bergeron in EDMONTON ICE zone. 7:41 of 1st period - Off-side. 7:42 of 1st period - Anton Lundell wins face-off versus Patrice Bergeron in neutral zone. 8:10 of 1st period - Minor Penalty to Ryan Graves for Holding. 8:11 of 1st period - Aleksander Barkov wins face-off versus Anton Lundell in EDMONTON ICE zone. 10:14 of 1st period - Shot by Nicolas Aube-Kubel. 10:14 of 1st period - Shot Misses the Net. 10:28 of 1st period - Shot by Ryan Lomberg. 10:28 of 1st period - Stopped by Jonathan Quick with a rebound. 10:30 of 1st period - Shot by Trevor van Riemsdyk. 10:30 of 1st period - Shot Misses the Net. 10:32 of 1st period - Shot by Trevor van Riemsdyk. 10:32 of 1st period - Shot Blocked by Ryan Graves. 10:40 of 1st period - Shot by Cal Clutterbuck. 10:40 of 1st period - Deflect By Ryan Lomberg. 10:40 of 1st period - Goal by Ryan Lomberg - EDMONTON ICE : 0 - SACRAMENTO BANDITS : 2. 10:41 of 1st period - Ryan Getzlaf wins face-off versus Jack Eichel in neutral zone. 11:10 of 1st period - Shot by Anthony Mantha. 11:10 of 1st period - Stopped by Andrei Vasilevskiy without a rebound. 11:11 of 1st period - Joel Eriksson Ek wins face-off versus Aleksander Barkov in SACRAMENTO BANDITS zone. 11:49 of 1st period - Shot by Alexander DeBrincat. 11:49 of 1st period - Shot Misses the Net. 11:51 of 1st period - Shot by Aleksander Barkov. 11:51 of 1st period - Shot Misses the Net. 11:53 of 1st period - Shot by Jonathan Huberdeau. 11:53 of 1st period - Stopped by Jonathan Quick with a rebound. 12:43 of 1st period - Shot by Patrice Bergeron. 12:43 of 1st period - Shot Blocked by Zach Whitecloud. 12:59 of 1st period - Icing by Zach Whitecloud. 13:00 of 1st period - Jack Eichel wins face-off versus Ryan Getzlaf in EDMONTON ICE zone. 13:36 of 1st period - Shot by Carter Verhaeghe. 13:36 of 1st period - Deflect By Ryan Getzlaf. 13:36 of 1st period - Shot Misses the Net. 14:01 of 1st period - Shot by Joonas Donskoi. 14:01 of 1st period - Stopped by Andrei Vasilevskiy without a rebound. 14:02 of 1st period - Aleksander Barkov wins face-off versus Joel Eriksson Ek in SACRAMENTO BANDITS zone. 14:42 of 1st period - Shot by Timo Meier. 14:42 of 1st period - Shot Misses the Net. 14:44 of 1st period - Shot by Jonas Brodin. 14:44 of 1st period - Stopped by Andrei Vasilevskiy without a rebound. 14:45 of 1st period - Anton Lundell wins face-off versus Patrice Bergeron in SACRAMENTO BANDITS zone. 15:01 of 1st period - Shot by Max Pacioretty. 15:01 of 1st period - Stopped by Jonathan Quick without a rebound. 15:02 of 1st period - Scott Laughton wins face-off versus Nicolas Aube-Kubel in EDMONTON ICE zone. 15:02 of 1st period - Scott Laughton is hit by Ryan Lomberg. 15:11 of 1st period - Icing by Zdeno Chara. 15:12 of 1st period - Anton Lundell wins face-off versus Nicolas Aube-Kubel in SACRAMENTO BANDITS zone. 15:29 of 1st period - Shot by Ryan Lomberg. 15:29 of 1st period - Stopped by Jonathan Quick without a rebound. 15:30 of 1st period - Patrice Bergeron wins face-off versus Jack Eichel in EDMONTON ICE zone. 16:02 of 1st period - Off-side. 16:03 of 1st period - Joel Eriksson Ek wins face-off versus Aleksander Barkov in neutral zone. 16:06 of 1st period - Shot by Timo Meier. 16:06 of 1st period - Goal by Timo Meier - EDMONTON ICE : 1 - SACRAMENTO BANDITS : 2. 16:07 of 1st period - Joel Eriksson Ek wins face-off versus Aleksander Barkov in neutral zone. 16:16 of 1st period - Shot by Joel Eriksson Ek. 16:16 of 1st period - Shot Blocked by Aleksander Barkov. 16:28 of 1st period - Shot by Joel Eriksson Ek. 16:28 of 1st period - Shot Blocked by Mikhail Sergachev. 16:32 of 1st period - Shot by Joel Eriksson Ek. 16:32 of 1st period - Shot Misses the Net. 16:34 of 1st period - Shot by Tanner Jeannot. 16:34 of 1st period - Stopped by Andrei Vasilevskiy with a rebound. 17:10 of 1st period - Shot by Scott Laughton. 17:10 of 1st period - Stopped by Andrei Vasilevskiy without a rebound. 17:11 of 1st period - Patrice Bergeron wins face-off versus Anton Lundell in SACRAMENTO BANDITS zone. 17:18 of 1st period - Icing by Max Pacioretty. 17:19 of 1st period - Jack Eichel wins face-off versus Patrice Bergeron in SACRAMENTO BANDITS zone. 17:54 of 1st period - Shot by Max Pacioretty. 17:54 of 1st period - Goal by Max Pacioretty - EDMONTON ICE : 1 - SACRAMENTO BANDITS : 3. 17:55 of 1st period - Anton Lundell wins face-off versus Ryan Getzlaf in neutral zone. 17:55 of 1st period - Anton Lundell is hit by Colton Sissons. 18:01 of 1st period - Minor Penalty to Colton Sissons for Roughing. 18:02 of 1st period - Aleksander Barkov wins face-off versus Joel Eriksson Ek in SACRAMENTO BANDITS zone. 18:31 of 1st period - Shot by Aleksander Barkov. 18:31 of 1st period - Shot Misses the Net. 18:45 of 1st period - Shot by Patrice Bergeron. 18:45 of 1st period - Shot Misses the Net. 19:23 of 1st period - Shot by Aleksander Barkov. 19:23 of 1st period - Shot Blocked by Ryan Graves. 19:26 of 1st period - Icing by Ryan Graves. 19:27 of 1st period - Jack Eichel wins face-off versus Aleksander Barkov in EDMONTON ICE zone. 19:31 of 1st period - Off-side. 19:32 of 1st period - Jack Eichel wins face-off versus Aleksander Barkov in neutral zone. 19:35 of 1st period - Brent Burns is hit by Tanner Jeannot and loses puck. 19:40 of 1st period - Shot by Tanner Jeannot. 19:40 of 1st period - Stopped by Andrei Vasilevskiy without a rebound. 19:41 of 1st period - Aleksander Barkov wins face-off versus Joel Eriksson Ek in SACRAMENTO BANDITS zone. Goals for this period are 1 for EDMONTON ICE vs 3 for SACRAMENTO BANDITS. Shots for this period are 7 for EDMONTON ICE vs 13 for SACRAMENTO BANDITS. 2nd period 0:01 of 2nd period - Patrice Bergeron wins face-off versus Anton Lundell in neutral zone. 0:51 of 2nd period - Icing by Anton Lundell. 0:52 of 2nd period - Aleksander Barkov wins face-off versus Anton Lundell in EDMONTON ICE zone. 1:23 of 2nd period - Shot by Anthony Mantha. 1:23 of 2nd period - Deflect By Jack Eichel. 1:23 of 2nd period - Stopped by Andrei Vasilevskiy without a rebound. 1:24 of 2nd period - Joel Eriksson Ek wins face-off versus Ryan Getzlaf in SACRAMENTO BANDITS zone. 1:33 of 2nd period - Shot by Joel Eriksson Ek. 1:33 of 2nd period - Stopped by Andrei Vasilevskiy without a rebound. 1:34 of 2nd period - Jack Eichel wins face-off versus Patrice Bergeron in SACRAMENTO BANDITS zone. 1:41 of 2nd period - Shot by Sco